 Dungeon Crawl Stone Soup version 0.19-a0-687-g35db334 (webtiles) character file.

183724 zero the Phalangite (level 17, -10/163 HPs)
             Began as a Minotaur Berserker on June 18, 2016.
             Was the Champion of Trog.
             Mangled by an anaconda (12 damage)
             ... on level 4 of the Snake Pit.
             The game lasted 00:54:52 (29147 turns).

zero the Phalangite (Minotaur Berserker)           Turns: 29147, Time: 00:54:52

Health: -10/163    AC: 37    Str: 32    XL:     17   Next: 75%
Magic:  0/19       EV: 11    Int:  3    God:    Trog [******]
Gold:   389        SH:  0    Dex: 13    Spells: 0 memorised, 16 levels left

rFire  + + .     SeeInvis .     N - +8 bardiche (flame)
rCold  + . .     Gourm    .     U - +3 plate armour {rF+}
rNeg   . . .     Faith    .     (shield currently unavailable)
rPois  +         Spirit   +     m - +2 hat
rElec  +         Dismiss  .     q - +2 cloak
rCorr  +         Reflect  .     d - +2 pair of gloves "Enlamib" {+Blink Str+4 Int-3}
SustAt .         Harm     .     v - +2 pair of boots {Fly}
MR     +....                    p - amulet of guardian spirit
Stlth  ..........               I - +4 ring of evasion
                                F - +3 ring of protection

@: lethally poisoned (-10 -> -25), exhausted, about to teleport, resistant,
flying, very slightly contaminated, hasted and slowed, constricted, somewhat
resistant to hostile enchantments, extremely unstealthy
A: retaliatory headbutt, horns 2, agile 1, clever 1, low mp 1, sense
surroundings 1
a: Berserk, Trog's Hand, Brothers in Arms, Burn Spellbooks, Renounce Religion,
Evoke Blink, Stop Flying


You were on level 4 of the Snake Pit.
You worshipped Trog.
Trog was exalted by your worship.
You were not hungry.

You visited 4 branches of the dungeon, and saw 27 of its levels.
You visited 1 bazaar.

You collected 2617 gold pieces.
You spent 2228 gold pieces at shops.

Inventory:

Hand Weapons
 h - a +4 lajatang of speed
 N - a +8 bardiche of flaming (weapon)
 O - a +2 antimagic halberd
 T - a +3 antimagic spear
Missiles
 a - 5 curare-tipped needles
 A - 5 throwing nets (quivered)
Armour
 d - the +2 pair of gloves "Enlamib" (worn) {+Blink Str+4 Int-3}
   (You bought it in a shop on level 1 of the Orcish Mines)

   It affects your strength (+4).
   It affects your intelligence (-3).
   It lets you blink.
 m - a +2 hat (worn)
 q - a +2 cloak (worn)
 v - a +2 pair of boots of flying (worn)
 M - the +1 chain mail of the Eternal Void {+Blink rPois Str-3 SInv}
   (You found it on level 8 of the Dungeon)

   It affects your strength (-3).
   It protects you from poison.
   It lets you see invisible.
   It lets you blink.
 U - a +3 plate armour of fire resistance (worn)
Jewellery
 p - an amulet of guardian spirit (around neck)
 x - an uncursed ring of resist corrosion
 y - an uncursed ring of protection from cold
 D - an uncursed ring of fire
 F - a +3 ring of protection (left hand)
 G - an uncursed ring of see invisible
 I - a +4 ring of evasion (right hand)
 Q - an uncursed amulet of harm
Wands
 e - a wand of flame (29/48)
 f - a wand of slowing (24/48)
 i - a wand of teleportation (6/9)
 B - a wand of acid (15/15)
 P - a wand of digging (15/24)
 Z - a wand of lightning (8/15)
Scrolls
 l - a scroll of magic mapping
 s - 3 scrolls of recharging
 z - 6 scrolls of teleportation
 C - a scroll of brand weapon {unknown}
 H - a scroll of fog
 J - 7 scrolls of remove curse
 L - a scroll of fear
 R - a scroll of identify
Potions
 b - 2 potions of might
 j - 2 potions of magic
 k - 5 potions of haste
 r - 5 potions of lignification
 t - 11 potions of curing
 w - a potion of invisibility
Miscellaneous
 g - a lamp of fire
Comestibles
 c - 11 bread rations
 n - a royal jelly


   Skills:
 + Level 18.0 Fighting
 + Level 22.8 Polearms
 + Level 18.2 Armour
 - Level 2.1 Dodging
 * Level 7.2 Evocations


You had 16 spell levels left.
You didn't know any spells.

Dungeon Overview and Level Annotations

Branches:
Dungeon (15/15)            Temple (0/1) D:4            Lair (6/6) D:10
 Shoals (0/4) Lair:4        Snake (4/4) Lair:4        Slime (0/5) Lair:5
    Orc (2/2) D:12            Elf (0/3) Orc:2        Vaults (0/5) D:13
 Depths (0/5) D:15

Altars:
Cheibriados
Dithmenos
Elyvilon
Gozag
Hepliaklqana
Pakellas
Ru
Sif Muna
Trog
Xom
Yredelemnul
Zin
The Shining One

Shops:
D:11 :   Orc:1 **!   Orc:2 *!(!   Snake:1 *?}}[


Innate Abilities, Weirdness & Mutations

You reflexively headbutt those who attack you in melee.
You have a pair of horns on your head.
You are agile. (Dex +2)
Your mind is acute. (Int +2)
Your magical capacity is low. (-10% MP)
You passively map a small area around you.


Message History

The anaconda constricts you.
The anaconda bites you but does no damage. x2
The naga mage mumbles some strange words.
The naga mage seems to speed up.
The naga mage closely misses you.
You hear a shout!
Okay, then.
As you read the scroll of teleportation, it crumbles to dust.
You feel strangely unstable.
You feel sick.
The anaconda bites you but does no damage.
* * * LOW HITPOINT WARNING * * *
The anaconda constricts you. The anaconda bites you!
* * * LOW HITPOINT WARNING * * *
The anaconda bites you but does no damage.
The naga mage barely misses you. x2; You furiously retaliate!
You headbutt the naga mage!
The anaconda bites you but does no damage.
The anaconda constricts you. The anaconda bites you!
* * * LOW HITPOINT WARNING * * *
The anaconda bites you!
You die...

*#..N).)()##
#..≈≈≈≈§≈N.#*
#..§≈≈≈≈≈≈...# #####
#.≈≈≈§≈≈≈§≈≈.####...##
..≈§≈≈≈§≈≈≈≈..##.....##
≈≈≈≈≈≈§≈§≈≈≈NSSSSS..S#
,≈≈§≈≈≈≈≈≈≈≈≈SSSSSSS..#
,
≈≈≈≈§≈§§≈§≈§SSSSSS...#
, ≈§§§≈≈≈≈§§≈@##SSSSS##
§§≈≈≈≈SN###.SS## *,
§§§≈≈§N## ####* ≈≈≈≈§..
, ,* , ≈≈§≈N.# , * ,
.....# , , , * ...## ,
, ### , , , * ≈ ,* ,


You could see a naga warrior, a naga sharpshooter, 6 anacondas, a shock serpent,
3 mana vipers, 2 guardian serpents, 7 black mambas and 3 naga magi.

Vanquished Creatures
  Kirke (D:15)
  Roxanne (Snake:2)
  2 greater nagas
  Louise (D:15)
  An orc warlord (Orc:2)
  A stone giant (Orc:2)
  The ghost of tstbtto the Severer, a journeyman CeBe of Trog (Lair:6)
  The ghost of WereVolvo the Grappler, a journeyman TrBe of Trog (Lair:2)
  Snorg (D:11)
  2 minotaurs (D:13)
  A catoblepas (Lair:6)
  5 hydras
  10 anacondas
  A death knight (D:14)
  7 naga warriors
  4 centaur warriors
  18 death yaks
  Erolcha (Orc:1)
  An orc high priest (Orc:1)
  4 ogre magi
  A queen ant (Lair:5)
  A tengu warrior (D:14)
  Sonja (D:11)
  5 shock serpents
  3 naga sharpshooters (Snake:3)
  5 skeletal warriors (D:15)
  5 salamander mystics
  2 unseen horrors
  A sea snake (shapeshifter) (D:15)
  5 hill giants
  7 naga ritualists
  A lindwurm (shapeshifter) (D:13)
  Pikel (D:5)
  3 phantasmal warriors (D:14)
  2 lindwurms (Snake:4)
  2 orc knights
  4 cyclopes
  8 mana vipers
  3 griffons
  7 slime creatures
  12 ugly things
  11 salamanders
  14 elephants (Lair:6)
  36 black mambas
  2 centaur zombies (D:15)
  3 guardian serpents (Snake:4)
  12 naga magi
  8 spiny frogs
  2 gargoyles
  2 rime drakes
  9 yaktaurs (D:13)
  A kobold demonologist (D:15)
  7 komodo dragons
  A redback zombie (D:13)
  3 polar bears (Lair:6)
  6 trolls
  21 blink frogs
  16 two-headed ogres
  A centaur simulacrum (D:15)
  Sigmund (D:5)
  A shadow (D:14)
  3 hogs (D:15)
  3 wyverns
  2 wraiths
  22 yaks
  7 hippogriffs
  Eustachio (D:5)
  12 vampire mosquitoes
  A mottled dragon (D:15)
  26 nagas
  2 wargs
  8 soldier ants
  15 water moccasins
  6 porcupines
  3 ice beasts
  18 orc warriors
  A sky beast (D:11)
  3 slaves (D:5)
  2 black bears
  A necrophage (D:9)
  6 phantoms
  37 ogres
  9 centaurs
  14 wolves
  12 crocodiles
  6 big kobolds
  13 giant frogs
  A gnoll sergeant (D:11)
  3 wyvern zombies
  4 scorpions
  A wyvern skeleton (D:10)
  8 wights
  14 killer bees
  An electric eel (D:13)
  9 howler monkeys
  7 crimson imps
  A giant frog zombie (D:13)
  2 quasits
  2 hounds
  13 orc priests
  3 jellies
  7 centaur skeletons
  5 giant frog skeletons
  10 orc wizards
  6 iguanas
  23 worker ants
  Ijyb (D:3)
  17 sheep
  A hound zombie (D:6)
  Robin (D:3)
  A worker ant zombie (D:11)
  17 adders
  15 gnolls
  52 river rats
  3 shadow imps
  2 oozes (D:2)
  An adder skeleton (D:5)
  An adder zombie (D:5)
  3 worms
  4 dart slugs
  8 giant geckos
  59 orcs
  7 ball pythons (D:2)
  2 giant cockroaches
  11 goblins
  9 hobgoblins
  2 jackals (D:2)
  4 quokkas
  9 bats
  A giant gecko skeleton (D:7)
  2 giant newts
  A jackal zombie (D:9)
  37 kobolds
  A quokka zombie (D:6)
  13 rats
  5 plants (D:10)
943 creatures vanquished.

Vanquished Creatures (collateral kills)
  A dire elephant (Lair:6)
  An ettin (D:15)
  A centaur warrior (D:15)
  A deep troll shaman (Lair:6)
  2 death yaks (Lair:6)
  A hill giant (D:15)
  3 blink frogs (Lair:6)
10 creatures vanquished.

Vanquished Creatures (others)
  An ogre mage (Orc:2)
  An ugly thing (D:5)
  A slave (D:5)
  A gnoll (D:5)
  14 fungi
  3 plants (Lair:6)
21 creatures vanquished.

Grand Total: 974 creatures vanquished

Notes
Turn   | Place    | Note
--------------------------------------------------------------
     0 | D:1      | zero the Minotaur Berserker began the quest for the Orb.
     0 | D:1      | Reached XP level 1. HP: 19/19 MP: 0/0
    76 | D:1      | Reached skill level 4 in Polearms
   200 | D:1      | Reached XP level 2. HP: 26/26 MP: 1/1
   860 | D:2      | Reached skill level 5 in Polearms
   872 | D:2      | Reached ** piety under Trog
   872 | D:2      | Reached XP level 3. HP: 17/31 MP: 2/2
   909 | D:2      | Found a snail-covered altar of Cheibriados.
  1114 | D:2      | Noticed a moth of wrath
  1118 | D:2      | Found a deep blue altar of Sif Muna.
  1146 | D:2      | Reached XP level 4. HP: 35/39 MP: 3/3
  1181 | D:2      | Found a bloodstained altar of Trog.
  1192 | D:2      | Reached skill level 6 in Polearms
  1370 | D:2      | Reached *** piety under Trog
  1614 | D:3      | Noticed Ijyb
  1635 | D:3      | Killed Ijyb
  1635 | D:3      | Reached skill level 7 in Polearms
  1635 | D:3      | Reached XP level 5. HP: 31/45 MP: 4/4
  1742 | D:3      | Noticed Robin
  1754 | D:3      | Killed Robin
  1989 | D:3      | Found a bloodstained altar of Trog.
  2001 | D:3      | Reached **** piety under Trog
  2644 | D:4      | Reached skill level 8 in Polearms
  2679 | D:4      | Reached XP level 6. HP: 46/51 MP: 5/5
  2928 | D:4      | Found a basalt altar of Yredelemnul.
  2975 | D:4      | Reached skill level 9 in Polearms
  3107 | D:4      | Reached XP level 7. HP: 6/57 MP: 6/6
  3332 | D:4      | Found a staircase to the Ecumenical Temple.
  3523 | D:5      | Entered Level 5 of the Dungeon
  3537 | D:5      | Found an oddly glowing altar of Pakellas.
  3537 | D:5      | Noticed a red ugly thing
  3549 | D:5      | Killed a green ugly thing
  3571 | D:5      | Reached skill level 10 in Polearms
  3887 | D:5      | Noticed a hippogriff
  3895 | D:5      | Killed a hippogriff
  3921 | D:5      | Found a hazy altar of Hepliaklqana.
  3934 | D:5      | Noticed Sigmund
  3951 | D:5      | Killed Sigmund
  3951 | D:5      | Reached skill level 11 in Polearms
  4120 | D:5      | Reached XP level 8. HP: 64/64 MP: 7/7
  4184 | D:5      | Reached skill level 12 in Polearms
  4235 | D:5      | Noticed Eustachio
  4246 | D:5      | Killed Eustachio
  4313 | D:5      | Noticed Pikel
  4321 | D:5      | Killed Pikel
  4321 | D:5      | Reached skill level 13 in Polearms
  4510 | D:5      | Found a sacrificial altar of Ru.
  4874 | D:5      | Reached XP level 9. HP: 70/70 MP: 8/8
  4982 | D:6      | Found a shimmering altar of Xom.
  4982 | D:6      | Found a glowing golden altar of the Shining One.
  4983 | D:6      | Noticed an angel
  4987 | D:6      | Reached skill level 14 in Polearms
  5148 | D:6      | Found a glowing silver altar of Zin.
  5497 | D:6      | Found a shadowy altar of Dithmenos.
  5652 | D:7      | Reached skill level 15 in Polearms
  6466 | D:8      | Found a hazy altar of Hepliaklqana.
  6553 | D:8      | Reached ***** piety under Trog
  6790 | D:8      | Got a faintly glowing chain mail
  6801 | D:8      | Identified the cursed +1 chain mail of the Eternal Void {+Blink rPois Str-3 SInv} (You found it on level 8 of the Dungeon)
  6985 | D:9      | Reached skill level 16 in Polearms
  7351 | D:9      | Reached XP level 10. HP: 78/78 MP: 9/9
  7496 | D:9      | Found an opulent altar of Gozag.
  7668 | D:10     | Entered Level 10 of the Dungeon
  7682 | D:10     | Reached skill level 5 in Fighting
  7707 | D:10     | Noticed a hill giant
  7716 | D:10     | Killed a hill giant
  7796 | D:10     | Received a gift from Trog
  7927 | D:10     | Reached skill level 5 in Armour
  8020 | D:10     | Received a gift from Trog
  8061 | D:10     | Found a staircase to the Lair.
  8483 | Lair:1   | Entered Level 1 of the Lair of Beasts
  8880 | Lair:1   | Noticed a spiny frog
  8888 | Lair:1   | Killed a spiny frog
  8888 | Lair:1   | Reached skill level 17 in Polearms
  9115 | Lair:1   | Noticed a black mamba
  9123 | Lair:1   | Killed a black mamba
  9123 | Lair:1   | Reached XP level 11. HP: 83/91 MP: 10/10
  9661 | Lair:2   | Noticed WereVolvo's ghost (journeyman TrBe)
  9675 | Lair:2   | Killed WereVolvo's ghost
  9883 | Lair:2   | Received a gift from Trog
 11509 | Lair:3   | Reached skill level 18 in Polearms
 11562 | Lair:3   | Reached skill level 10 in Fighting
 11565 | Lair:3   | Reached XP level 12. HP: 91/105 MP: 11/11
 11568 | Lair:3   | Reached skill level 10 in Armour
 12076 | Lair:4   | Found a staircase to the Shoals.
 12087 | Lair:4   | Noticed a death yak
 12091 | Lair:4   | Noticed a death yak
 12093 | Lair:4   | Noticed a death yak
 12093 | Lair:4   | Noticed a death yak
 12094 | Lair:4   | Noticed a death yak
 12096 | Lair:4   | Noticed a death yak
 12096 | Lair:4   | Killed a death yak
 12097 | Lair:4   | Received a gift from Trog
 12099 | Lair:4   | Killed a death yak
 12102 | Lair:4   | Killed a death yak
 12105 | Lair:4   | Killed a death yak
 12110 | Lair:4   | Killed a death yak
 12112 | Lair:4   | Killed a death yak
 12184 | Lair:4   | Found a staircase to the Snake Pit.
 12683 | Lair:4   | Noticed an eight-headed hydra
 12690 | Lair:4   | Killed a five-headed hydra
 12908 | Lair:5   | Noticed a five-headed hydra
 12915 | Lair:5   | Killed a three-headed hydra
 13066 | Lair:5   | Found a staircase to the Slime Pits.
 13324 | Lair:5   | Noticed a queen ant
 13335 | Lair:5   | Killed a queen ant
 13335 | Lair:5   | Reached skill level 19 in Polearms
 13755 | Lair:6   | Entered Level 6 of the Lair of Beasts
 13764 | Lair:6   | Reached XP level 13. HP: 92/117 MP: 12/12
 13890 | Lair:6   | Received a gift from Trog
 14174 | Lair:6   | Noticed tstbtto's ghost (journeyman CeBe)
 14181 | Lair:6   | Killed tstbtto's ghost
 14969 | Lair:6   | Reached ****** piety under Trog
 15020 | Lair:6   | Noticed a dire elephant
 15026 | Lair:6   | Killed a dire elephant
 15026 | Lair:6   | Reached skill level 20 in Polearms
 15944 | D:11     | Found Pufedoc's Book Shop.
 16079 | D:11     | Noticed Snorg
 16086 | D:11     | Killed Snorg
 16086 | D:11     | Reached XP level 14. HP: 107/130 MP: 13/13
 16178 | D:11     | Noticed Sonja
 16206 | D:11     | Killed Sonja
 17179 | D:12     | Found a staircase to the Orcish Mines.
 18834 | Orc:1    | Entered Level 1 of the Orcish Mines
 18848 | Orc:1    | Received a gift from Trog
 19011 | Orc:1    | Found Rekuewk's General Store.
 19603 | Orc:1    | Found Jymour's General Store.
 19611 | Orc:1    | Bought the +2 pair of gloves "Enlamib" {+Blink Str+4 Int-3} for 459 gold pieces
 19645 | Orc:1    | Noticed Erolcha
 19659 | Orc:1    | Killed Erolcha
 19804 | Orc:1    | Found Angear's Distillery.
 19825 | Orc:1    | Bought a potion of beneficial mutation for 490 gold pieces
 19825 | Orc:1    | Gained mutation: Your mind is acute. (Int +2) [potion of beneficial mutation]
 19934 | Orc:2    | Entered Level 2 of the Orcish Mines
 20187 | Orc:2    | Found Focap's Distillery.
 20187 | Orc:2    | Found Taifi's Antique Weapon Shoppe.
 20216 | Orc:2    | Reached skill level 15 in Armour
 20229 | Orc:2    | Received a gift from Trog
 20363 | Orc:2    | Found Ymyod's General Store.
 20363 | Orc:2    | Found Gyudahaf's Distillery.
 20377 | Orc:2    | Bought a potion of experience for 650 gold pieces
 20485 | Orc:2    | Found a staircase to the Elven Halls.
 20486 | Orc:2    | Reached skill level 15 in Fighting
 20486 | Orc:2    | Reached skill level 21 in Polearms
 20486 | Orc:2    | Reached XP level 15. HP: 141/141 MP: 14/14
 20737 | Orc:2    | Received a gift from Trog
 20785 | Orc:2    | Noticed an orc warlord
 20792 | Orc:2    | Killed an orc warlord
 21518 | D:13     | Reached XP level 16. HP: 133/150 MP: 11/15
 21781 | D:13     | Received a gift from Trog
 21949 | D:13     | Found a gate to the Vaults.
 22344 | D:14     | Found a white marble altar of Elyvilon.
 22518 | D:14     | Reached skill level 1 in Evocations
 22882 | D:14     | Found a gateway to a bazaar.
 22946 | Bazaar   | Entered a bazaar
 22946 | Bazaar   | Found Jebops's Distillery.
 22946 | Bazaar   | Found Annof's Antique Armour Shop.
 22971 | Bazaar   | Found Sucekaum's Antique Weapon Shop.
 23017 | Bazaar   | Bought a potion of beneficial mutation for 245 gold pieces
 23029 | Bazaar   | Bought a pair of runed boots for 99 gold pieces
 23041 | Bazaar   | Bought a potion of curing for 21 gold pieces
 23041 | Bazaar   | Bought a potion of heal wounds for 35 gold pieces
 23041 | Bazaar   | Bought a potion of curing for 21 gold pieces
 23041 | Bazaar   | Bought a potion of haste for 70 gold pieces
 23041 | Bazaar   | Bought a potion of curing for 21 gold pieces
 23041 | Bazaar   | Bought a potion of heal wounds for 35 gold pieces
 23079 | Bazaar   | Gained mutation: You are agile. (Dex +2) [potion of beneficial mutation]
 23083 | D:14     | Gained mutation: You passively map a small area around you. [potion of mutation]
 23083 | D:14     | Gained mutation: Your magical capacity is low. (-10% MP) [potion of mutation]
 23140 | D:14     | You are sucked into a shaft!
 23140 | D:15     | Entered Level 15 of the Dungeon
 23143 | D:15     | Noticed Louise
 23150 | D:15     | Killed Louise
 23155 | D:15     | Noticed Kirke
 23170 | D:15     | Killed Kirke
 23442 | D:15     | Found a staircase to the Depths.
 23713 | D:15     | Received a gift from Trog
 24123 | D:15     | Reached skill level 22 in Polearms
 24683 | Snake:1  | Entered Level 1 of the Snake Pit
 24694 | Snake:1  | Found Wacesein's Armour Shoppe.
 25165 | Snake:1  | Found Deecel's Gadget Shoppe.
 25375 | Snake:1  | Found Sukhisiq's Gadget Emporium.
 25392 | Snake:1  | Received a gift from Trog
 25689 | Snake:1  | Found Remif's Assorted Antiques.
 25769 | Snake:1  | Found Houtuah's Magic Scroll Shop.
 25777 | Snake:1  | Bought a scroll of enchant armour for 82 gold pieces
 25777 | Snake:1  | Identified a scroll of acquirement
 25842 | Snake:1  | Reached skill level 5 in Evocations
 25901 | Snake:1  | Reached XP level 17. HP: 132/161 MP: 17/17
 26554 | Snake:2  | Noticed Roxanne
 26574 | Snake:2  | Killed Roxanne
 26896 | Snake:2  | You are sucked into a shaft!
 27037 | Snake:3  | Received a gift from Trog
 28141 | Snake:4  | Entered Level 4 of the Snake Pit
 29147 | Snake:4  | HP: 2/163 [anaconda (11)]
 29147 | Snake:4  | Mangled by an anaconda

Vault maps used:
D:1:      lightli_molten_gateway
D:2:      kennysheep_slug_shrine, tgw_trog, nicolae_overflow_crystal_walls,
          minmay_snake_closets
D:3:      trog_hazing_becter, uniq_robin, uniq_iyjb
D:4:      yredelemnul_altar_generic, minmay_temple_entry_crystal_x,
          nicolae_underground_beach
D:5:      gammafunk_pakellas_cloud_experiment, lemuel_coloured_pillars_altar,
          first_bread, basic_altar, minmay_misc_feat_iff, grunt_ministairs_2,
          kennysheep_generic_room_8, uniq_eustachio, uniq_pikel, uniq_sigmund
D:6:      grunt_temple_overflow_order_and_chaos_1, grunt_temple_overflow_open
D:7:      serial_glass, glass_columns_a, glass_columns_a
D:8:      basic_altar
D:9:      nicolae_overflow_hidden_temple
D:10:     dpeg_oklobed_lair
D:11:     serial_shops, shop, uniq_sonja, uniq_snorg
D:12:     orc_0_dummy
D:13:     fort_yaktaur, david_vaults_2
D:14:     serial_shops, bzr_entry_gold, elyvilon_altar_5
D:15:     hangedman_depths_entry_civil_slaughter, hangedman_decor_riveting,
          uniq_kirke, uniq_louise
Lair:1:   minivault_25
Lair:2:   eino_small_chamber_without_monster, grunt_megastairs_5
Lair:3:   grunt_megastairs_1
Lair:4:   shoals_dummy_entry, guppyfry_snake_entry_garden, minmay_holes,
          minivault_26, bh_autumn_forest_stairs
Lair:5:   slime_dummy, minivault_23, minmay_another_anthill
Lair:6:   grunt_lair_end_beastmaster, serial_bayou_shore_b,
          serial_bayou_shore_b, lemuel_fruit_tree
Snake:1:  serial_shops, nicolae_shop_behind_doors, shop, nicolae_shop_crystal,
          nicolae_shop_crystal, shop
Snake:2:  grunt_ministairs_7, grunt_megastairs_3, uniq_roxanne
Snake:4:  snake_pit_salamanders_mu, lemuel_oklob_altar
Orc:1:    serial_shops, shop, shop, shop, nicolae_orc_lava_room, uniq_erolcha
Orc:2:    st_orc_ogre_mass, abandoned_shop, minmay_orc_barracks
Bazaar:   bazaar_jpeg_cross

Skill      XL: |  1  2  3  4  5  6  7  8  9 10 11 12 13 14 15 16 17 |
---------------+----------------------------------------------------+-----
Polearms       | 4 5 7 8 9 11 13 16 17 18 19 20 21 22 | 22.8
Fighting       | 7 10 12 13 15 17 18 | 18.0
Armour         | 7 9 12 13 15 16 17 18 | 18.2
Evocations     | 5 7 |  7.2
Dodging        | |  2.1

Action                   |  1- 3 |  4- 6 |  7- 9 | 10-12 | 13-15 | 16-18 || total
-------------------------+-------+-------+-------+-------+-------+-------++-------
Melee: Spear             |   109 |   182 |       |       |       |       ||   291
       Headbutt          |    10 |    16 |    28 |   106 |   106 |   116 ||   382
       Trident           |       |    23 |    39 |       |       |       ||    62
       Scythe            |       |       |   226 |   317 |       |       ||   543
       Bardiche          |       |       |       |   333 |   664 |   623 ||  1620
       Lajatang          |       |       |       |       |       |    15 ||    15
Invok: Berserk           |       |     3 |     6 |     7 |    10 |     7 ||    33
       Trog's Hand       |       |     2 |     2 |       |     3 |     2 ||     9
       Burn Spellbooks   |       |       |     3 |     3 |     1 |     3 ||    10
       Brothers in Arms  |       |       |       |       |     1 |     1 ||     2
Evoke: Wand              |       |       |       |       |     1 |       ||     1
  Use: Scroll            |       |       |    25 |     8 |     6 |    15 ||    54
       Potion            |       |       |       |       |     7 |     8 ||    15
 Stab: Sleeping          |       |     4 |       |       |       |       ||     4
       Distracted        |       |       |     1 |     2 |     1 |     1 ||     5
       Petrifying        |       |       |       |       |     1 |       ||     1
  Eat: Chunk             |       |    10 |     8 |    15 |    21 |    15 ||    69
       Fruit             |       |       |     6 |     3 |    13 |       ||    22
       Meat ration       |       |       |     1 |     2 |       |     3 ||     6
       Beef jerky        |       |       |     1 |     1 |     2 |       ||     4
       Pizza             |       |       |     1 |       |     1 |     2 ||     4
Armor: Animal skin       |    12 |    17 |    27 |       |       |       ||    56
       Scale mail        |       |       |    42 |       |       |       ||    42
       Chain mail        |       |       |    22 |   327 |    62 |       ||   411
       Plate armour      |       |       |       |       |   388 |   404 ||   792
       Skin              |       |       |       |       |     3 |       ||     3
Dodge: Dodged            |    49 |    62 |   130 |   397 |   386 |   407 ||  1431
